Map: Catalyst LE

Players

Has - Winner!

  • Race: Protoss Protoss
  • Spawn Location: 11:00

ShoWTimE

  • Race: Protoss Protoss
  • Spawn Location: 5:00

Event: WESG 2017 Haikou

VOD

Have the link to the VOD?

Description

Time

  • Played on: March 13, 2018, 5:30 a.m.
  • Length: 6:06

All games in this series

Show
View Real Time Build Order
Export as new Build Order

Has Protoss - Winner!

Build Orders:  

Get SALT Encoding   

  12  0:01  Probe  
  13  0:13  Probe  
  14  0:17  Pylon  
  14  0:25  Probe (Chrono Boost)  
  15  0:37  Probe (Chrono Boost)  
  15  0:40  Gateway  
  16  0:45  Probe (Chrono Boost)  
  16  0:47  Assimilator  
  17  0:51  Probe  
  17  0:56  Assimilator  
  18  1:03  Probe  
  19  1:09  Gateway  
  19  1:15  Probe  
  20  1:27  Cybernetics Core  
  20  1:28  Probe  
  21  1:40  Probe  
  21  1:45  Pylon  
  22  1:52  Probe  
  23  1:59  Warp Gate (Chrono Boost)  
  23  2:04  Stargate  
  23  2:15  Stalker x2 (Chrono Boost)  
  27  2:33  Pylon  
  27  2:38  Stalker  
  27  2:39  Stalker  
  31  2:50  Gateway  
  31  2:53  Gateway  
  31  3:13  Shield Battery  
  31  3:21  Pylon  
  31  3:43  Pylon  
  31  3:47  Stalker x3  
  31  3:48  Stalker  
  39  3:58  Pylon  
  39  4:16  Stalker x3  
  43  4:42  Stalker x3  
  30  4:55  Robotics Facility  
  9  5:43  Observer (Chrono Boost)  
Show
View Real Time Build Order
Export as new Build Order

ShoWTimE Protoss 

Build Orders: Dark Templar Rush 

Get SALT Encoding   

  12  0:00  Probe  
  13  0:12  Probe  
  14  0:18  Pylon  
  14  0:25  Probe (Chrono Boost)  
  15  0:37  Probe (Chrono Boost)  
  15  0:38  Gateway  
  16  0:45  Probe (Chrono Boost)  
  16  0:47  Assimilator  
  17  0:51  Probe (Chrono Boost)  
  17  0:55  Assimilator  
  18  1:03  Probe (Chrono Boost)  
  19  1:11  Probe (Chrono Boost)  
  20  1:14  Gateway  
  20  1:17  Probe  
  20  1:23  Pylon  
  21  1:29  Probe  
  22  1:33  Cybernetics Core  
  22  1:38  Pylon  
  22  1:41  Probe  
  23  1:56  Probe  
  24  2:08  Warp Gate (Chrono Boost)  
  24  2:10  Stalker x2  
  24  2:14  Pylon  
  28  2:19  Pylon  
  28  2:29  Twilight Council  
  28  2:41  Stalker x2  
  32  2:58  Shield Battery  
  32  3:06  Dark Shrine  
  32  3:25  Nexus  
  32  3:29  Probe  
  33  3:42  Robotics Facility  
  33  3:45  Probe  
  34  3:51  Pylon  
  34  3:57  Probe  
  35  4:09  Probe  
  36  4:17  Dark Templar  
  36  4:18  Dark Templar  
  36  4:21  Probe  
  36  4:22  Pylon  
  40  4:34  Pylon  
  34  4:39  Pylon  
  28  4:57  Pylon  
  12  5:35  Probe  
Tags
 
Add a new tag
Caveats
  • Supply blocks, unpowered buildings, or Contaminate may cause inaccurate times.
  • Supply counts are checked every 10 seconds.